 Dungeon Crawl Stone Soup version 0.29.0-5-ge4962eb29e (webtiles) character file.

Game seed: 12356976714979859330

67290 Godmorgon the Severer (level 14, 0/126 HPs)
             Began as a Palentonga Fighter on Aug 28, 2022.
             Was a High Priest of Okawaru.
             Slain by a red ugly thing (12 damage)
             ... on level 13 of the Dungeon.
             The game lasted 01:58:57 (21065 turns).

Godmorgon the Severer (Palentonga Fighter)         Turns: 21065, Time: 01:58:58

Health: 0/126      AC: 32    Str: 34    XL:     14   Next: 82%
Magic:  15/21      EV: 12    Int: 15    God:    Okawaru [*****.]
Gold:   1941       SH:  0    Dex: 15    Spells: 13/13 levels left

rFire   . . .      SeeInvis +   a - +4 battleaxe (elec)
rCold   . . .      Faith    .   (shield currently unavailable)
rNeg    . . .      Spirit   .   M - +3 ring mail {Will+}
rPois   .          Reflect  .   Q - +2 helmet
rElec   .          Harm     .   t - +1 cloak
rCorr   .          Rampage  .   I - +0 pair of gloves {hurl}
Will    ++...                   X - +0 barding {Fly}
Stlth   ++........              v - amulet of the acrobat
HPRegen 0.31/turn               K - +6 ring of dexterity
MPRegen 0.17/turn               z - ring "Eruos" {Str+7 Int+6}

@: heroic, finesse-ful, flying, studying Summonings, curled up
A: large, rugged brown scales 3, see invisible, deformed body, roll 1, armoured
tail, reflexive curl
a: Rolling Charge, Renounce Religion, Heroism, Finesse, Duel


You were on level 13 of the Dungeon.
You worshipped Okawaru.
Okawaru was extremely pleased with you.
You visited 3 branches of the dungeon, and saw 19 of its levels.
You also visited: Gauntlet.

You collected 2217 gold pieces.
You spent 276 gold pieces at shops.

Inventory:

Hand Weapons
 a - a +4 battleaxe of electrocution (weapon)
 b - the +9 war axe of Antique Reinforcement {speed, Dex+2 Stlth+}
   (You found it on level 5 of the Dungeon)

   Attacks with this weapon are significantly faster.
   Dex:       It affects your dexterity (+2).
   Stlth:     It makes you more stealthy.
Missiles
 e - 27 poisoned darts
 o - 5 curare-tipped darts
 y - 4 datura-tipped darts
 A - 8 boomerangs
 D - 2 throwing nets
 G - 7 javelins (quivered)
 W - 7 silver javelins
Armour
 t - a +1 cloak (worn)
 I - a +0 pair of gloves of hurling (worn)
 M - a +3 ring mail of willpower (worn)
 Q - a +2 helmet (worn)
 X - a +0 barding of flying (worn)
Jewellery
 u - a ring of poison resistance
 v - an amulet of the acrobat (around neck)
 z - the ring "Eruos" (right hand) {Str+7 Int+6}
   (You found it in a Gauntlet)

   [ring of intelligence]

   Str:       It affects your strength (+7).
   Int:       It affects your intelligence (+6).
 E - a ring of flight
 K - a +6 ring of dexterity (left hand)
 L - a ring of protection from cold
Wands
 d - a wand of light (1)
 q - a wand of iceblast (7)
 C - a wand of flame (29)
 H - a wand of paralysis (12)
Scrolls
 c - a scroll of enchant armour {unknown}
 h - 5 scrolls of poison
 k - a scroll of blinking {unknown}
 w - 4 scrolls of teleportation
 x - a scroll of silence {unknown}
 J - a scroll of torment {unknown}
 U - a scroll of brand weapon {unknown}
 V - 2 scrolls of fear
Potions
 f - 2 potions of haste
 i - a potion of magic
 j - 4 potions of lignification
 m - 8 potions of curing
 n - 3 potions of flight
 p - 5 potions of resistance
 s - a potion of heal wounds
 B - 4 potions of cancellation
 F - a potion of berserk rage
 N - 2 potions of ambrosia


   Skills:
 + Level 13.0(18.0) Fighting
 * Level 17.6(22.6) Axes
 - Level 6.0(11.0) Throwing
 + Level 7.4(12.4) Armour
 - Level 5.0(10.0) Dodging
 - Level 2.6(7.6) Shields
 - Level 10.0 Invocations


You had 13 spell levels left.
You didn't know any spells.
Your spell library was empty.

Dungeon Overview and Level Annotations

Branches:
Dungeon (12/15)            Temple (1/1) D:4            Lair (5/5) D:10
  Swamp (0/4) Lair:2        Snake (0/4) Lair:2        Slime (0/5) Lair:5
    Orc (0/2) D:10         Vaults (0/5) D:13        Gauntlet (visited)

Altars:
Ashenzari
Cheibriados
Dithmenos
Elyvilon
Fedhas
Gozag
Hepliaklqana
Kikubaaqudgha
Makhleb
Nemelex Xobeh
Okawaru
Qazlal
Ru
Sif Muna
Trog
Uskayaw
Vehumet
Wu Jian
Xom
Yredelemnul
Zin
The Shining One

Shops:
D:1 (([=   D:8 [   D:11 *

Annotations:
D:13 1 transporter


Innate Abilities, Weirdness & Mutations

You are completely covered in rugged brown scales. (AC +3, +7% HP)
You have supernaturally acute eyesight. (SInv)
Armour fits poorly on your strangely shaped body.
You can roll at nearby foes to attack.
You have a long armoured tail.
You curl defensively after being hit. (AC +7*)


Message History

The javelin pierces through the vault guard!
The vault guard is almost dead.
The javelin barely misses the vault guard.
The javelin pierces through the vault guard!!
The vault guard is almost dead.
Throw: 8 javelins
Press: ? - help, Q - select action, (/) - cycle Shift-Dir - straight line, f/p - vault guard
Aim: a vault guard, wielding a +0 battleaxe and wearing a +0 plate armour (almost dead, 74% to hit)
You throw a javelin.
The javelin pierces through the vault guard!!
The vault guard is almost dead.
The javelin pierces through the vault guard!!
You kill the vault guard!
Okawaru accepts your kill.
The javelin pierces through the vault guard!!
The vault guard is moderately wounded.
The javelin pierces through the vault guard but does no damage.
The vault guard is almost dead.
The vault guard closely misses you.
A slime creature comes into view.
The red ugly thing tail-slaps you!
You are engulfed in flames!!
* * * LOW HITPOINT WARNING * * *
Your base Fighting skill increases to level 13!
Okay, then.
You feel much better.
The vault guard hits you with a +0 dire flail!
* * * LOW HITPOINT WARNING * * *
The red ugly thing tail-slaps you.
* * * LOW HITPOINT WARNING * * *
You are engulfed in flames!!
* * * LOW HITPOINT WARNING * * *
Unknown command.
Okay, then.
You feel much better.
The vault guard hits you with a +0 dire flail!
* * * LOW HITPOINT WARNING * * *
The red ugly thing tail-slaps you!
* * * LOW HITPOINT WARNING * * *
You are engulfed in flames!
You die...

*,,,,,*,,,,#..##+##########**,
*****,*,,,,#..#,,,,,,,,,,,,,+,
*,*,,,,#..#,,,,,,,,,,,,,*,
*,*,,,,#J.#,,,,,,,,,,,,,*,
*.######..##,,,,,,,,,,***,
********........J)#,,,,,,,,,,*,,,
*,,,,,,,........J.#,,,,,,,,,,*,,,
*,,,,,,,....####u##**,,,,,,,,*,,,
*,,,,,,,...,* #@# ***+******,,,
*,,,,,,,..,,* #p# *,,,,,,,,,,,,
*,,,,,,,#**** #p# *,,,,,,,,,,,,
*,,,,,,,*,,,* *#p#* *,,,******,,,
*,,,,,,,*,,,***...***,,,+,,,,*,,,
**,,,,,<*,,,,,,.∩.,,,,,,*,,,,*,,,
*,,,,,,+,,,***.((***,,,*,,,,*,,,
*,,,,,,*,,,* ##.## *,,,*,,,,*,,,
*,,,,,,***** *,* *,,,******,,,


You could see 3 vault guards, a red ugly thing and 3 slime creatures.

Vanquished Creatures
  A minotaur (Gauntlet)
  5 vault guards (D:13)
  Josephine (Lair:3)
  3 boulder beetles
  A hell beast (Gauntlet)
  6 hydras
  A centaur warrior (D:9)
  An ice dragon (Lair:5)
  6 death yaks (Lair:5)
  5 two-headed ogres
  A tengu warrior (D:13)
  Lodul (D:12)
  2 bog bodies (Lair:2)
  2 lindwurms (Lair:5)
  2 oklob plants
  2 ugly things (D:10)
  4 cyclopes
  3 manticores
  13 elephants
  10 black mambas
  9 cane toads
  An apocalypse crab (Gauntlet)
  A molten gargoyle (Lair:5)
  5 torpor snails (Lair:5)
  2 gargoyles (D:7)
  The ghost of BuzzyBeetle the Gusty, a novice GnWn (D:6)
  3 unseen horrors
  A kobold demonologist (D:10)
  5 komodo dragons
  A freezing wraith (D:10)
  Psyche (D:10)
  4 rime drakes
  6 hornets (Lair:5)
  2 trolls (D:10)
  A polar bear (Lair:2)
  3 tyrant leeches (Lair:5)
  Prince Ribbit (D:6)
  11 blink frogs
  A slime creature (D:10)
  Grinder (D:6)
  2 vampires
  6 wraiths
  3 shadows
  Eustachio (D:6)
  2 wyverns
  A basilisk (Lair:3)
  43 yaks
  3 steam dragons
  5 vampire mosquitoes
  Grum (D:10)
  2 wargs (D:10)
  4 acid dragons
  4 swamp worms (Lair:2)
  20 water moccasins
  8 orc warriors
  3 sky beasts (D:7)
  12 wolves
  8 ogres
  4 phantoms
  7 centaurs
  3 kobold brigands
  18 bullfrogs
  A gnoll sergeant (D:6)
  2 necrophages (D:7)
  4 scorpions
  14 wights
  12 killer bees
  3 howler monkeys
  7 electric eels
  5 jellies
  3 orc priests
  2 hounds (D:6)
  5 iguanas
  13 orc wizards
  5 hell rats (Lair:4)
  3 gnolls (D:6)
  12 adders
  2 shadow imps (D:7)
  2 white imps
  3 ufetubi
  3 worms
  A dart slug (D:2)
  48 orcs
  9 bats
  9 endoplasms
  2 giant cockroaches
  6 goblins
  4 hobgoblins
  4 jackals
  11 kobolds
  2 quokkas
  6 ball pythons
  A frilled lizard (D:2)
  8 rats
  A plant (Lair:5)
503 creatures vanquished.

Vanquished Creatures (others)
  A demonic plant (Gauntlet)
  13 fungi
  58 plants
72 creatures vanquished.

Grand Total: 575 creatures vanquished

Notes
Turn   | Place    | Note
-------+----------+-------------------------------------------
     0 | D:1      | Godmorgon the Palentonga Fighter began the quest for the
                  | Orb.
     0 | D:1      | Reached XP level 1. HP: 19/19 MP: 1/1
    78 | D:1      | Found Qunleg's Weapon Shop.
   104 | D:1      | Found Riacw's Antique Weapon Shoppe.
   110 | D:1      | Reached XP level 2. HP: 25/25 MP: 2/2
   324 | D:1      | Reached skill level 3 in Axes
   458 | D:1      | Found Viozao's Jewellery Boutique.
   652 | D:1      | Found Ewaom's Armour Shoppe.
   685 | D:2      | Reached XP level 3. HP: 31/31 MP: 3/3
  1099 | D:2      | Found a faded altar of an unknown god.
  1165 | D:2      | Reached XP level 4. HP: 39/39 MP: 4/4
  1398 | D:3      | Reached skill level 4 in Axes
  1624 | D:1      | Bought a +1 cloak for 138 gold pieces
  1707 | D:4      | Noticed a scorpion
  1712 | D:4      | Killed a scorpion
  1713 | D:4      | Reached XP level 5. HP: 22/44 MP: 5/5
  2183 | D:4      | Found a staircase to the Ecumenical Temple.
  2193 | Temple   | Entered the Ecumenical Temple
  2379 | Temple   | Became a worshipper of Warmaster Okawaru
  2606 | D:4      | Reached skill level 5 in Axes
  3163 | D:5      | Entered Level 5 of the Dungeon
  3217 | D:5      | Reached XP level 6. HP: 47/52 MP: 6/6
  3484 | D:5      | Found an ancient bone altar of Kikubaaqudgha.
  3484 | D:5      | Found a sparkling altar of Nemelex Xobeh.
  3485 | D:5      | Found a bloodstained altar of Trog.
  3487 | D:5      | Found a blossoming altar of Fedhas.
  3492 | D:5      | Reached skill level 5 in Fighting
  3492 | D:5      | Reached skill level 6 in Axes
  3554 | D:5      | Reached * piety under Okawaru
  3592 | D:5      | Gained mutation: You curl defensively after being hit. (AC
                  | +7*) [Palentonga growth]
  3592 | D:5      | Reached XP level 7. HP: 44/59 MP: 7/7
  3901 | D:5      | Identified the +9 war axe of Antique Reinforcement {speed,
                  | Dex+2 Stlth+}
  3958 | D:5      | Reached skill level 7 in Axes
  4346 | D:6      | Noticed Prince Ribbit
  4357 | D:6      | Killed Prince Ribbit
  4357 | D:6      | Reached ** piety under Okawaru
  4358 | D:6      | Reached skill level 8 in Axes
  4358 | D:6      | Reached XP level 8. HP: 62/69 MP: 8/8
  4412 | D:6      | Reached skill level 9 in Axes
  4536 | D:6      | Noticed Eustachio
  4546 | D:6      | Killed Eustachio
  4647 | D:6      | Found a runed translucent door.
  4650 | D:6      | Noticed BuzzyBeetle's ghost (novice GnWn)
  5009 | D:6      | Noticed Grinder
  5011 | D:6      | Killed Grinder
  5011 | D:6      | Reached *** piety under Okawaru
  5012 | D:6      | Reached XP level 9. HP: 77/77 MP: 9/9
  5018 | D:6      | Reached skill level 10 in Axes
  5096 | D:6      | Found a runed translucent door.
  5169 | D:6      | Killed BuzzyBeetle's ghost
  5323 | D:7      | Reached skill level 11 in Axes
  5416 | D:7      | Noticed a two-headed ogre
  5669 | D:7      | Killed a two-headed ogre
  5669 | D:7      | Reached **** piety under Okawaru
  5689 | D:7      | Noticed a boulder beetle
  5697 | D:7      | Killed a boulder beetle
  5698 | D:7      | Reached XP level 10. HP: 46/87 MP: 10/12
  5888 | D:7      | Reached skill level 12 in Axes
  5890 | D:7      | Noticed a manticore
  5890 | D:7      | Noticed a gargoyle
  5892 | D:7      | Noticed a gargoyle
  5900 | D:7      | Killed a gargoyle
  5900 | D:7      | Received a gift from Okawaru
  5907 | D:7      | Killed a manticore
  5913 | D:7      | Killed a gargoyle
  5913 | D:7      | Reached ***** piety under Okawaru
  5919 | D:7      | Noticed a manticore
  5921 | D:7      | Killed a manticore
  5989 | D:7      | Found a sparkling altar of Nemelex Xobeh.
  5990 | D:7      | Found a broken altar of Ashenzari.
  5990 | D:7      | Found a shadowy altar of Dithmenos.
  5990 | D:7      | Found a broken altar of Ashenzari.
  5990 | D:7      | Noticed a two-headed ogre
  6005 | D:7      | Killed a two-headed ogre
  6006 | D:7      | Reached skill level 13 in Axes
  6006 | D:7      | Reached skill level 5 in Invocations
  6055 | D:7      | Noticed a cyclops
  6056 | D:7      | Noticed a four-headed hydra
  6092 | D:7      | Noticed a cyclops
  6484 | D:7      | Killed a ten-headed hydra
  6492 | D:7      | Reached XP level 11. HP: 14/96 MP: 7/15
  6809 | D:7      | Noticed a two-headed ogre
  6815 | D:7      | Killed a two-headed ogre
  6816 | D:7      | Reached skill level 10 in Fighting
  7056 | D:1      | Bought a +1 pair of gloves for 138 gold pieces
  7778 | D:8      | Identified the +3 glaive of Egomania {freeze, rPois}
                  | (Okawaru gifted it to you on level 8 of the Dungeon)
  7778 | D:8      | Received a gift from Okawaru
  7779 | D:8      | Reached skill level 1 in Dodging
  8055 | D:8      | Reached skill level 14 in Axes
  8132 | D:8      | Found Beowulf's Dragon-Slaying Spoils.
  9219 | D:9      | Noticed a centaur warrior
  9233 | D:9      | Killed a centaur warrior
  9401 | D:10     | Entered Level 10 of the Dungeon
  9403 | D:10     | Noticed a boulder beetle
  9430 | D:10     | Noticed a green ugly thing
  9432 | D:10     | Noticed a purple ugly thing
  9432 | D:10     | Killed a boulder beetle
  9432 | D:10     | Received a gift from Okawaru
  9454 | D:10     | Killed a purple ugly thing
  9466 | D:10     | Killed a green ugly thing
  9513 | D:10     | Noticed a soul eater
  9515 | D:10     | Noticed a soul eater
  9844 | D:10     | Found a staircase to the Lair.
  9844 | D:10     | Noticed an oklob plant
  9866 | D:10     | Noticed Psyche
  9872 | D:10     | Killed Psyche
  9873 | D:10     | Reached XP level 12. HP: 105/105 MP: 17/17
 10162 | D:10     | Noticed Grum
 10166 | D:10     | Received a gift from Okawaru
 10170 | D:10     | Killed Grum
 10197 | D:10     | Found a staircase to the Orcish Mines.
 10360 | D:10     | Noticed a two-headed ogre
 10365 | D:10     | Killed a two-headed ogre
 11494 | D:11     | Reached skill level 15 in Axes
 11809 | D:11     | Found Zin's Purification Station.
 11810 | D:11     | Found a glowing silver altar of Zin.
 11836 | D:11     | Noticed a two-headed ogre
 11844 | D:11     | Killed a two-headed ogre
 12296 | D:11     | Reached skill level 1 in Throwing
 13003 | Lair:1   | Entered Level 1 of the Lair of Beasts
 13746 | Lair:1   | Noticed a boulder beetle
 13750 | Lair:1   | Killed a boulder beetle
 13881 | Lair:1   | Noticed a five-headed hydra
 13885 | Lair:1   | Reached ****** piety under Okawaru
 13885 | Lair:1   | Identified the +4 broad axe of Understanding {vorpal,
                  | Will+} (Okawaru gifted it to you on level 1 of the Lair of
                  | Beasts)
 13885 | Lair:1   | Received a gift from Okawaru
 13897 | Lair:1   | Killed a ten-headed hydra
 14286 | Lair:1   | Reached skill level 5 in Armour
 14381 | Lair:2   | Reached XP level 13. HP: 99/113 MP: 19/19
 14528 | Lair:2   | Found a staircase to the Snake Pit.
 14533 | Lair:2   | Identified the -2 barding of a wizard's laboratory {Harm
                  | Fly rPois Slay-5} (Okawaru gifted it to you on level 2 of
                  | the Lair of Beasts)
 14533 | Lair:2   | Received a gift from Okawaru
 15288 | Lair:2   | Found a staircase to the Swamp.
 15733 | Lair:3   | Found a gate leading to a gauntlet.
 15744 | Gauntlet | Entered a Gauntlet
 15744 | Gauntlet | Found a transporter.
 15744 | Gauntlet | Found a transporter.
 15748 | Gauntlet | Found a transporter.
 15748 | Gauntlet | Found a transporter.
 15756 | Gauntlet | Found a transporter.
 15769 | Gauntlet | Found a transporter.
 15775 | Gauntlet | Found a transporter.
 15783 | Gauntlet | Found a transporter.
 15812 | Gauntlet | Found a transporter.
 15812 | Gauntlet | Found a transporter.
 15841 | Gauntlet | Found a transporter.
 15892 | Gauntlet | Found a transporter.
 15964 | Gauntlet | Noticed a quicksilver ooze
 16064 | Gauntlet | Found a transporter.
 16099 | Gauntlet | Identified the ring "Eruos" {Str+7 Int+6}
 16355 | Gauntlet | Noticed a minotaur
 16365 | Gauntlet | Killed a minotaur
 16366 | Gauntlet | Reached skill level 16 in Axes
 16610 | Lair:3   | Noticed Josephine
 16637 | Lair:3   | Killed Josephine
 16834 | Lair:3   | Reached skill level 5 in Dodging
 17762 | Lair:4   | Reached skill level 5 in Throwing
 18256 | Lair:5   | Entered Level 5 of the Lair of Beasts
 18279 | Lair:5   | Received a gift from Okawaru
 18622 | Lair:5   | Reached XP level 14. HP: 88/123 MP: 21/21
 19227 | Lair:5   | Found a staircase to the Slime Pits.
 19239 | Lair:5   | Reached skill level 10 in Invocations
 19254 | Lair:5   | Received a gift from Okawaru
 19811 | Lair:5   | Found a runed translucent door.
 19870 | Lair:5   | Reached skill level 17 in Axes
 20063 | Lair:5   | Found the +10 dark maul {vorpal}
 20757 | D:12     | Noticed Lodul
 20778 | D:12     | Killed Lodul
 21009 | D:12     | You are sucked into a shaft and drop 1 floor!
 21034 | D:13     | Found a transporter.
 21048 | D:13     | Found a gate to the Vaults.
 21064 | D:13     | HP: 4/126 [red ugly thing (23)]
 21065 | D:13     | Slain by a red ugly thing

Illustrated notes

Levels and vault maps discovered:
D:1:      onia_arrival_pentagram, layout_loops_ring, serial_shops,
          nicolae_square_shop, nicolae_shop_hallway_plus, nicolae_shop_crystal,
          nicolae_shop_bloodbath_and_beyond, hex_large
D:2:      layout_rooms, shapermc_ecumenical_altar_mp_urbaneastern
D:3:      layout_rooms
D:4:      layout_loops_ring, temple_hall, st_stairs_3
D:5:      layout_basic, grunt_temple_overflow_open, minmay_misc_feat_pillars
D:6:      layout_loops_cross, ebering_ghost_sewer_f, uniq_eustachio,
          uniq_grinder, uniq_prince_ribbit1
D:7:      minmay_the_grid_octo_tiled_squarecenter [minmay_the_grid_octo_teeth,
          minmay_the_grid_octo_shrine, minmay_the_grid_octo_focus,
          minmay_the_grid_octo_77,
          minmay_the_grid_square_5x5_megaprize_checkered,
          minmay_the_grid_square_5x5_n_small, minmay_the_grid_square_5x5_two,
          minmay_the_grid_square_5x5_intrusive_squares,
          minmay_the_grid_square_5x5_misaligned], layout_rooms
D:8:      layout_loops_ring, nicolae_shop_dragon_depot, minmay_liquid_box
D:9:      layout_cave_pods
D:10:     layout_loops_corners, dpeg_oklobed_lair, david_orc_1_choice,
          minmay_fractal_squares_gapless_7, uniq_psyche, uniq_grum
D:11:     layout_irregular_city, serial_bayou, serial_bayou_crossing,
          serial_bayou_pond_b, serial_bayou_pond_a, serial_bayou_pond_b,
          zin_purify
D:12:     layout_rooms, uniq_lodul, uniq_kirke
D:13:     gammafunk_worm_tunnel, layout_irregular_city, erik_vaults_2,
          portal_ice_cave_entry_imps
Temple:   nicolae_temple_bog_church
Lair:1:   layout_hall_layers, nzn_sisyphean_effort
Lair:2:   layout_cave_shapes, nicolae_swamp_entry_splash_gauntlet,
          minmay_snake_entry_six_corridors, serial_bayou_shore_b
Lair:3:   layout_roguey, gauntlet_entry_generic, lemuel_fruit_tree,
          infiniplex_staircase_pool, serial_bayou_shore_b, uniq_josephine
Lair:4:   layout_cave_shapes
Lair:5:   wormcave, layout_gridlike, nicolae_slime_entry_slimehenge,
          grunt_forest_small_clearings

Skill      XL: |  1  2  3  4  5  6  7  8  9 10 11 12 13 14 |
---------------+-------------------------------------------+-----
Axes           | 3 4 5 6 8 9 11 13 14 15 16 17 | 17.6
Fighting       | 4 5 6 7 8 9 10 11 12 13 | 13.0
Invocations    | 3 5 7 8 9 10 | 10.0
Dodging        | 2 4 5 |  5.0
Armour         | 3 5 6 7 |  7.4
Throwing       | 2 5 6 |  6.0
Shields        | |  2.6

Action                   |  1- 3 |  4- 6 |  7- 9 | 10-12 | 13-15 || total
-------------------------+-------+-------+-------+-------+-------++-------
Melee: War axe           |    78 |   131 |   140 |   328 |    49 ||   726
       Tailslap          |    11 |    12 |    13 |    69 |    68 ||   173
       Staff             |       |       |       |    32 |       ||    32
       Battleaxe         |       |       |       |   115 |   345 ||   460
       Punch             |       |       |       |     1 |     3 ||     4
Throw: Dart              |       |     3 |     7 |     5 |    10 ||    25
       Boomerang         |       |       |       |    23 |     1 ||    24
       Javelin           |       |       |       |       |    10 ||    10
Invok: Heroism           |       |       |     1 |    16 |    22 ||    39
       Finesse           |       |       |       |     6 |    10 ||    16
 Abil: Rolling Charge    |    25 |    33 |    40 |    85 |    83 ||   266
Evoke: Wand              |       |     1 |       |       |     1 ||     2
  Use: Scroll            |       |       |     5 |    10 |    11 ||    26
       Potion            |       |       |       |     2 |     6 ||     8
 Stab: Distracted        |       |       |       |     1 |       ||     1
       Sleeping          |       |       |       |     2 |       ||     2
       Invisible         |       |       |       |       |     2 ||     2
Armor: Scale mail        |    49 |    61 |     7 |       |       ||   117
       Leather armour    |       |       |    24 |    19 |       ||    43
       Ring mail         |       |       |       |   168 |   174 ||   342
Dodge: Dodged            |    35 |    25 |    23 |   155 |   226 ||   464
Block: Buckler           |     9 |    21 |    14 |    49 |       ||    93
